 Dungeon Crawl Stone Soup version 0.27-a0-29-g2d0a2396b0 (webtiles) character file.

Game seed: 487597317473025889

773 wakim the Ruffian (level 7, -6/68 HPs)
             Began as a Troll Monk on Jan 3, 2021.
             Mangled by an orc warrior
             ... wielding a +0 trident
              (14 damage)
             ... on level 7 of the Dungeon.
             The game lasted 00:14:23 (2854 turns).

wakim the Ruffian (Troll Monk)                      Turns: 2854, Time: 00:14:23

Health: -6/68      AC:  7    Str: 22    XL:     7   Next: 53%
Magic:  7/7        EV: 11    Int:  6    God:
Gold:   237        SH:  5    Dex: 12    Spells: 6/6 levels left

rFire    . . .     SeeInvis .     - Unarmed
rCold    . . .     Faith    .   (no shield)
rNeg     . . .     Spirit   .   l - +0 robe
rPois    .         Reflect  +   (helmet restricted)
rElec    .         Harm     .   u - +0 cloak
rCorr    .         Rampage  .   (gloves unavailable)
Will     .....                  (boots unavailable)
Stlth    ++........             w - amulet of reflection
HPRegen  0.61/turn              (no ring)
MPRegen  0.10/turn              (no ring)

@: no status effects
A: large, unfitting armour, claws 3, regeneration 1, shaggy fur 1, tough skin 3
a: no special abilities


You were on level 7 of the Dungeon.
You visited 1 branch of the dungeon, and saw 5 of its levels.

You collected 237 gold pieces.

Inventory:

Hand Weapons
 a - a +4 short sword of freezing
Missiles
 e - 116 stones (quivered)
Armour
 l - a +0 robe (worn)
 r - a scarf of shadows
 u - a +0 cloak (worn)
Jewellery
 w - an amulet of reflection (around neck)
Wands
 t - a wand of flame (19)
Scrolls
 c - 2 scrolls of remove curse {unknown}
 f - 8 scrolls of identify {unknown}
 g - 3 scrolls of amnesia {unknown}
 k - 8 scrolls of teleportation {unknown}
 o - a scroll of enchant weapon {unknown}
 p - 4 scrolls of fog {unknown}
 q - a scroll of noise {unknown}
 v - a scroll of immolation
 x - a scroll of magic mapping {unknown}
 y - a scroll of blinking {unknown}
 B - a scroll of enchant armour {unknown}
Potions
 b - 2 potions of lignification {unknown}
 d - 2 potions of might {unknown}
 h - a potion of resistance {unknown}
 i - 2 potions of magic {unknown}
 j - 4 potions of berserk rage {unknown}
 m - a potion of mutation {unknown}
 n - 3 potions of curing {unknown}
 s - a potion of flight {unknown}
 z - a potion of heal wounds {unknown}
 A - a potion of ambrosia {unknown}


   Skills:
 + Level 3.8 Fighting
 + Level 2.8 Throwing
 + Level 3.9 Dodging
 - Level 1.0 Stealth
 * Level 6.0 Unarmed Combat
 + Level 1.5 Invocations


You had 6 spell levels left.
You didn't know any spells.
Your spell library contained the following spells:

 Spells                   Type           Power        Failure   Level
 Animate Skeleton         Necr           0%           45%         1
 Apportation              Tloc           0%           45%         1
 Corona                   Hex            0%           45%         1
 Summon Small Mammal      Summ           0%           45%         1


Dungeon Overview and Level Annotations

Branches:
Dungeon (7/15)
 Temple: D:4-7

Altars:
Dithmenos
Elyvilon
Nemelex Xobeh
Okawaru
Vehumet
Wu Jian

Annotations:
D:7 1 runed translucent door, Dracia's ghost, novice TrMo


Innate Abilities, Weirdness & Mutations

You are too large for most types of armour.
You have claws for hands.
Your natural rate of healing is unusually fast.
You are covered in fur. (AC +1)
You have extremely tough skin. (AC +3)


Message History

Beogh smites you! You block the big kobold's attack. The orc priest hits you.
The orc warrior hits you from afar with a +0 trident!
* * * LOW HITPOINT WARNING * * *
You scratch the orc priest.
The orc priest is heavily wounded.
You block the orc priest's attack. The orc warrior closely misses you.
You scratch the orc priest but do no damage.
The orc priest is heavily wounded.
The big kobold hits you with a +0 whip.
* * * LOW HITPOINT WARNING * * *
The orc priest looks braver for a moment.
You block the orc warrior's attack.
You scratch the orc priest but do no damage.
The orc priest is heavily wounded.
The big kobold hits you with a +0 whip.
* * * LOW HITPOINT WARNING * * *
The orc priest looks encouraged for a moment.
The orc warrior hits you from afar with a +0 trident!
You die...

.# #. #.
##.#
####...##
........#
#.oo.# .
#.#@# .
#o#K# #
#o#o# #
#.#o# .
#.#K# #
###.#B# #
#.B..)# #
#.#.### #
#K#


You could see an orc warrior, a big kobold, a worker ant, an orc priest, 2 orc
wizards and a kobold.

Vanquished Creatures
  Sigmund (D:2)
  An orc warrior (D:7)
  An ogre (D:3)
  A bullfrog (D:4)
  2 hounds
  2 orc priests (D:7)
  Crazy Yiuf (D:2)
  A jelly (D:4)
  An orc wizard (D:7)
  Jessica (D:3)
  Terence (D:2)
  A worker ant (D:7)
  3 adders
  An ooze (D:1)
  A worm (D:2)
  3 dart slugs (D:2)
  3 leopard geckos
  8 orcs
  2 ball pythons
  7 bats
  A giant cockroach (D:4)
  9 goblins
  A hobgoblin (D:1)
  5 jackals
  2 quokkas
  4 frilled lizards
  5 kobolds
  3 rats
72 creatures vanquished.

Notes
Turn   | Place    | Note
-------+----------+-------------------------------------------
     0 | D:1      | wakim the Troll Monk began the quest for the Orb.
     0 | D:1      | Reached XP level 1. HP: 22/22 MP: 0/0
    78 | D:1      | Reached XP level 2. HP: 25/29 MP: 1/1
   503 | D:1      | Reached XP level 3. HP: 36/36 MP: 2/2
   702 | D:2      | Noticed Sigmund
   743 | D:2      | Noticed Terence
   753 | D:2      | Killed Terence
   771 | D:2      | Reached XP level 4. HP: 44/44 MP: 3/3
   847 | D:2      | Killed Sigmund
   848 | D:2      | Reached skill level 1 in Throwing
   848 | D:2      | Reached skill level 4 in Unarmed Combat
   848 | D:2      | Reached XP level 5. HP: 50/53 MP: 4/4
  1247 | D:2      | Found an iron altar of Okawaru.
  1376 | D:2      | Found a runed translucent door.
  1377 | D:2      | Noticed Crazy Yiuf
  1383 | D:2      | Killed Crazy Yiuf
  1574 | D:3      | Noticed an ogre
  1579 | D:3      | Killed an ogre
  1580 | D:3      | Reached skill level 5 in Unarmed Combat
  1580 | D:3      | Reached XP level 6. HP: 61/61 MP: 5/5
  1743 | D:3      | Found a white marble altar of Elyvilon.
  1744 | D:3      | Found a radiant altar of Vehumet.
  1755 | D:3      | Found a shadowy altar of Dithmenos.
  2093 | D:3      | Noticed Jessica
  2098 | D:3      | Killed Jessica
  2340 | D:4      | Found a sparkling altar of Nemelex Xobeh.
  2467 | D:4      | Reached XP level 7. HP: 54/67 MP: 6/6
  2502 | D:4      | Found an ornate altar of the Wu Jian Council.
  2503 | D:4      | You fall into a shaft and drop 3 floors!
  2504 | D:7      | Noticed a wyvern
  2529 | D:7      | Noticed a two-headed ogre
  2550 | D:7      | Reached skill level 1 in Invocations
  2561 | D:7      | Found a runed translucent door.
  2561 | D:7      | Noticed Dracia's ghost (novice TrMo)
  2561 | D:7      | Noticed a boulder beetle
  2817 | D:7      | Reached skill level 6 in Unarmed Combat
  2854 | D:7      | Mangled by an orc warrior

Illustrated notes

Levels and vault maps discovered:
D:1:      nicolae_arrival_washed_ashore, layout_basic, minmay_misc_feat_chi
D:2:      minmay_general_purpose_star, layout_loops_ring, marbit_many_paths,
          serial_glass, glass_columns_a, glass_columns_b, uniq_sigmund,
          uniq_terence, uniq_crazy_yiuf_cottage
D:3:      layout_loops_ring, nicolae_dithmenos_through_a_glass_darkly,
          gammafunk_temple_overflow_statue, minmay_misc_feat_alley, uniq_jessica
D:4:      layout_rooms, grunt_temple_overflow_gold_and_silver,
          nemelex_xobeh_ov_fountains_minmay, lemuel_round_altar,
          overflow_temple_1_default
D:7:      layout_loops_ring, ebering_ghost_inner_flame, minmay_misc_feat_tiny,
          nicolae_ru_great_annihilating_truth

Skill      XL: |  1  2  3  4  5  6  7 |
---------------+----------------------+-----
Fighting       | 3 |  3.8
Throwing       | 1 2 |  2.8
Dodging        | 3 |  3.9
Unarmed Combat | 4 5 6 |  6.0
Invocations    | 1 |  1.5
Stealth        | |  1.0

Action                   |  1- 3 |  4- 6 |  7- 9 || total
-------------------------+-------+-------+-------++-------
Melee: Unarmed           |    65 |    77 |    53 ||   195
       Punch             |     1 |     2 |     3 ||     6
Throw: Stone             |    33 |    24 |     6 ||    63
 Stab: Sleeping          |     1 |     2 |     1 ||     4
Armor: Robe              |    16 |    30 |    16 ||    62
Dodge: Dodged            |    30 |    39 |    31 ||   100
Block: Other             |       |     3 |    20 ||    23

Table legend: (Time is in decaauts)
 A = Elapsed time spent in this place.
 B = Non-inter-level travel time spent in this place.
 C = Inter-level travel time spent in this place.
 D = Time resting spent in this place.
 E = Time spent auto-exploring this place.
 F = Levels seen in this place.
 G = Mean time per level.
                   A        B        C        D        E       F      G
               +--------+--------+--------+--------+--------+-----+--------+
         Total |   2839 |   2704 |    135 |      4 |   1761 |   5 |  567.8 |
       Dungeon |   2839 |   2704 |    135 |      4 |   1761 |   5 |  567.8 |
               +--------+--------+--------+--------+--------+-----+--------+

Top non-repeatable levels by time:
     D:2: 926 daAuts
     D:3: 730 daAuts
     D:1: 638 daAuts
     D:7: 345 daAuts
     D:4: 198 daAuts
